 Dungeon Crawl Stone Soup version 0.30-a0-459-g9104f0fc43 (webtiles) character file.

Game seed: 520385905373857532

352 p00ps00p the Trooper (level 6, -3/56 HPs)
             Began as a Hill Orc Fighter on Dec 16, 2022.
             Was an Initiate of Gozag.
             Slain by a gnoll
             ... wielding a +0 halberd
             ... led by a gnoll bouda
              (6 damage)
             ... on level 5 of the Dungeon.
             The game lasted 00:03:51 (3760 turns).

p00ps00p the Trooper (Hill Orc Fighter)             Turns: 3760, Time: 00:03:52

Health: -3/56      AC:  8    Str: 21    XL:     6   Next: 62%
Magic:  0/6        EV:  9    Int:  8    God:    Gozag
Gold:   202        SH:  4    Dex: 10    Spells: 5/5 levels left

rFire   . . .      SeeInvis .    a - +1 war axe
rCold   . . .      Faith    .    c - +0 buckler
rNeg    . . .      Spirit   +    b - +0 scale mail
rPois   .          Reflect  .    (no helmet)
rElec   .          Harm     .    p - +0 cloak
rCorr   .          Rampage  .    (no gloves)
Will    +....                    (no boots)
Stlth   ..........               g - amulet of guardian spirit
HPRegen 0.29/turn                s - ring of willpower
MPRegen 0.10/turn                (no ring)

@: mighty, weakened, gold aura
A: no striking features
a: Renounce Religion, Potion Petition, Call Merchant, Bribe Branch


You were on level 5 of the Dungeon.
You worshipped Gozag.
Gozag was aware of your devotion.
You visited 2 branches of the dungeon, and saw 6 of its levels.

You collected 276 gold pieces.
You paid 74 gold pieces to Gozag.

Inventory:

Hand Weapons
 a - a +1 war axe (weapon)
 t - the +0 sling of Narat {flame, rElec Dex+2 Stlth+}
   (You found it on level 4 of the Dungeon)

   Any ammunition fired from it burns those it strikes, dealing additional fire
   damage.
   Dex:       It affects your dexterity (+2).
   rElec:     It insulates you from electricity.
   Stlth:     It makes you more stealthy.
Armour
 b - a +0 scale mail (worn)
 c - a +0 buckler (worn)
 p - a +0 cloak (worn)
Jewellery
 g - an amulet of guardian spirit (around neck)
 s - a ring of willpower (left hand)
Scrolls
 f - 5 scrolls of teleportation
 n - a scroll of summoning {unknown}
Potions
 d - 2 potions of might
 e - a potion of heal wounds {unknown}
 h - a potion of invisibility {unknown}
 i - 3 potions of mutation
 j - 2 potions of curing
 k - a potion of brilliance {unknown}
 l - 5 potions of degeneration
 m - 2 potions of flight
 o - a potion of haste {unknown}
 q - a potion of attraction {unknown}
 r - a potion of resistance {unknown}


   Skills:
 + Level 5.3 Fighting
 + Level 5.0 Axes
 + Level 4.8 Armour
 + Level 4.8 Shields


You had 5 spell levels left.
You didn't know any spells.
Your spell library contained the following spells:

 Spells                   Type           Power      Damage    Failure   Level
 Sandblast                Erth           0%         2d4       82%         1
 Cigotuvi's Dreadful Rot  Necr/Pois/Air  0%         N/A       91%         2
 Passwall                 Tmut/Erth      0%         N/A       91%         2
 Poisonous Vapours        Pois/Air       0%         N/A       91%         2
 Mephitic Cloud           Conj/Pois/Air  0%         N/A       99%         3
 Stone Arrow              Conj/Erth      0%         3d7       99%         3
 Fireball                 Conj/Fire      0%         3d3       100%        5
 Iskenderun's Battlesphe  Conj           0%         2d6       100%        5
 Conjure Ball Lightning   Conj/Air       0%         3x3d7     100%        6
 Orb of Destruction       Conj           0%         9d5       100%        7


Dungeon Overview and Level Annotations

Branches:
Dungeon (5/15)             Temple (1/1) D:4

Altars:
Ashenzari
Cheibriados
Dithmenos
Elyvilon
Fedhas
Gozag
Hepliaklqana
Makhleb
Nemelex Xobeh
Okawaru
Qazlal
Ru
Sif Muna
Trog
Uskayaw
Vehumet
Wu Jian
Xom

Shops:
D:4 (


Message History

You completely miss the gnoll bouda. You barely miss something.
You slash the gnoll!
You kill the gnoll!
The gnoll closely misses you.
The gnoll hits you from afar with a +0 halberd!
The ufetubus barely misses you.
The ufetubus hits you but does no damage.
The gnoll bouda is distracted by your dazzling golden aura.
Something hits you but does no damage.
You barely miss the ufetubus. You barely miss the gnoll bouda.
The gnoll bouda is no longer distracted by gold.
You miss something.
The quokka is no longer distracted by gold.
The ufetubus closely misses you.
The ufetubus hits you but does no damage.
The gnoll hits you but does no damage.
The gnoll hits you from afar with a +0 halberd.
Something hits you but does no damage.
The gnoll bouda gazes fiercely through you!
You feel your attacks grow feeble. The gnoll bouda closely misses you.
The ufetubus hits you but does no damage.
The ufetubus hits you.
* * * LOW HITPOINT WARNING * * *
You miss the ufetubus. You closely miss the gnoll bouda. You slash something!
The ufetubus barely misses you. The ufetubus hits you.
* * * LOW HITPOINT WARNING * * *
The quokka is distracted by your dazzling golden aura.
You block the gnoll's attack.
The gnoll hits you from afar with a +0 halberd!
* * * LOW HITPOINT WARNING * * *
Something hits you but does no damage.
The gnoll bouda hits you but does no damage.
The ufetubus hits you but does no damage.
The ufetubus closely misses you.
The gnoll hits you from afar with a +0 spear.
* * * LOW HITPOINT WARNING * * *
The gnoll hits you from afar with a +0 halberd.
You die...
Your body crumbles into a pile of gold.

#.....#)#..
.(.....#.# ##..#....
####...#..:#
#..........# ......
#..........##......
#$.........##......
#.....{$...##.....
#.....5@#..##...
#....g$g#.).#.#
#....g..###...# # #.
#.......#.....##.#...
........#..........#
.r................##
.##.........<.....#
...###..........#
##.........#


You could see a gnoll bouda, 2 gnolls, an ufetubus and a quokka (unaware).

Vanquished Creatures
  A scorpion (D:4)
  A jelly (D:5)
  An orc priest (D:5)
  An iguana (D:4)
  2 orc wizards (D:4)
  2 gnolls (D:5)
  6 adders
  A worm (D:3)
  2 dart slugs (D:1)
  8 orcs
  7 ball pythons
  6 bats
  8 endoplasms
  7 giant cockroaches
  3 goblins
  2 hobgoblins
  2 jackals (D:4)
  2 quokkas
  3 frilled lizards
  10 kobolds
  2 rats
77 creatures vanquished.

Notes
Turn   | Place    | Note
-------+----------+-------------------------------------------
     0 | D:1      | p00ps00p the Hill Orc Fighter began the quest for the Orb.
     0 | D:1      | Reached XP level 1. HP: 19/19 MP: 1/1
   171 | D:1      | Reached XP level 2. HP: 18/27 MP: 2/2
   526 | D:1      | Reached XP level 3. HP: 23/33 MP: 3/3
   616 | D:1      | Found a hide-covered altar of Uskayaw.
  1410 | D:2      | Reached XP level 4. HP: 40/40 MP: 4/4
  2586 | D:4      | Found Eghoc's Weapon Shop.
  2601 | D:4      | Reached XP level 5. HP: 40/47 MP: 5/5
  3081 | D:4      | Identified the +0 sling of Narat {flame, rElec Dex+2
                  | Stlth+}
  3168 | D:4      | Reached skill level 5 in Fighting
  3168 | D:4      | Reached XP level 6. HP: 36/56 MP: 6/6
  3325 | D:4      | Found a staircase to the Ecumenical Temple.
  3563 | Temple   | Entered the Ecumenical Temple
  3682 | Temple   | Became a worshipper of Gozag Ym Sagoz the Greedy
  3716 | D:5      | Entered Level 5 of the Dungeon
  3755 | D:5      | Reached skill level 5 in Axes
  3760 | D:5      | Slain by a gnoll

Illustrated notes

Levels and vault maps discovered:
D:1:      onia_arrival_pyramid, layout_basic, minmay_hexomino_r4
D:2:      layout_basic, minmay_3d_cube
D:3:      layout_basic
D:4:      layout_basic, minmay_temple_entry_statues_fountains, serial_shops,
          nicolae_shop_bloodbath_and_beyond
D:5:      layout_rooms, minmay_liquid_box
Temple:   compressed_dpeg_circular_temple

Skill      XL: |  1  2  3  4  5  6 |
---------------+-------------------+-----
Axes           | 3 4 5 |  5.0
Fighting       | 4 5 |  5.3
Armour         | 4 |  4.8
Shields        | 4 |  4.8

Action                   |  1- 3 |  4- 6 || total
-------------------------+-------+-------++-------
Melee: War axe           |    98 |    96 ||   194
  Use: Scroll            |     4 |     6 ||    10
       Potion            |       |     2 ||     2
Armor: Scale mail        |    69 |    76 ||   145
Dodge: Dodged            |    59 |    64 ||   123
Block: Buckler           |    23 |    34 ||    57

Table legend: (Time is in decaauts)
 A = Elapsed time spent in this place.
 B = Non-inter-level travel time spent in this place.
 C = Inter-level travel time spent in this place.
 D = Time resting spent in this place.
 E = Time spent auto-exploring this place.
 F = Levels seen in this place.
 G = Mean time per level.
                   A        B        C        D        E       F      G
               +--------+--------+--------+--------+--------+-----+--------+
         Total |   3828 |   3604 |    224 |    374 |   2667 |   6 |  638.0 |
       Dungeon |   3690 |   3508 |    182 |    374 |   2590 |   5 |  738.0 |
        Temple |    137 |     96 |     41 |      0 |     77 |   1 |  137.0 |
               +--------+--------+--------+--------+--------+-----+--------+

Top non-repeatable levels by time:
     D:4: 1015 daAuts
     D:2: 960 daAuts
     D:3: 835 daAuts
     D:1: 829 daAuts
  Temple: 137 daAuts
     D:5: 50 daAuts
